 Dungeon Crawl Stone Soup version 0.28-a0-691-gad6df49e81 (webtiles) character file.

Game seed: 18045467249803109792

55 Irenicus the Digger (level 3, -2/28 HPs)
             Began as a Deep Dwarf Earth Elementalist on Oct 21, 2021.
             Slain by Natasha (6 damage)
             ... on level 3 of the Dungeon.
             The game lasted 00:03:48 (421 turns).

Irenicus the Digger (Deep Dwarf Earth Elementalist)  Turns: 421, Time: 00:03:49

Health: -2/28      AC:  2    Str: 11    XL:     3   Next: 67%
Magic:  2/5        EV: 12    Int: 16    God:
Gold:   20         SH:  0    Dex: 13    Spells: 4/5 levels left

rFire   . . .      SeeInvis .   d - +0 dagger
rCold   . . .      Faith    .   (no shield)
rNeg    . . .      Spirit   .   b - +0 robe
rPois   .          Reflect  .   (no helmet)
rElec   .          Harm     .   (no cloak)
rCorr   .          Rampage  .   (no gloves)
Will    .....                   (no boots)
Stlth   ++........              (no amulet)
HPRegen 0.00/turn               (no ring)
MPRegen 0.09/turn               (no ring)

@: slowed, very slow
A: damage resistance, heal wounds, sense surroundings 1, no regeneration
a: Heal Wounds


You were on level 3 of the Dungeon.
You visited 1 branch of the dungeon, and saw 3 of its levels.

You collected 20 gold pieces.


Innate Abilities, Weirdness & Mutations

You are resistant to damage.
You can heal yourself by infusing magical energy.
You passively map a small area around you.
You do not regenerate.


   Skills:
 - Level 2.1 Dodging
 - Level 2.4 Stealth
 - Level 1.7 Spellcasting
 - Level 0.8 Transmutations
 + Level 6.2 Earth Magic


You had 4 spell levels left.
You knew the following spells:

 Your Spells              Type           Power      Damage    Failure   Level
z - Sandblast             Erth           42%        2d11      1%          1

Your spell library contained the following spells:

 Spells                   Type           Power      Damage    Failure   Level
 Passwall                 Tmut/Erth      10%        N/A       8%          2
 Stone Arrow              Conj/Erth      22%        3d8       17%         3
 Petrify                  Tmut/Erth      12%        N/A       43%         4

Inventory:

Hand Weapons
 d - a +0 dagger (weapon)
Missiles
 c - 45 stones
Armour
 b - a +0 robe (worn)
Jewellery
 e - an amulet of faith {!P}
 C - a ring of protection from cold
Potions
 a - a potion of heal wounds {@q2}

Dungeon Overview and Level Annotations

Branches:
Dungeon (3/15)

Altars:

Shops:
D:1 (

Annotations:
D:3 Natasha, Terence

######### ##* *
#.......# #.., #.@.....#
##...# #oh@....+,
,......
#.......###########
#.##...............
***#o.................
,......#................
,
..o...#................
,
......#................
.... ##...............


You could see Terence, Natasha and 2 orcs.


Message History

It is a scroll of identify.
a - a potion of heal wounds You are no longer poisoned.
Terence completely misses you.
Found a diamond ring.
Found a whip.
Terence asks, "Do you want it fast or slow?"
You see here a ring of protection from cold.
C - a ring of protection from cold
Press: ? - help, v - describe, . - travel
Here: Terence, wielding a +1 vorpal hand axe and wearing a +0 scale mail (lightly wounded)
The floor.
An orc comes into view. It is wielding a +0 club.
An orc priest comes into view. It is wielding a +0 flail.
Natasha, Servant of Life and Death comes into view.
Found a stone staircase leading down.
Terence hits you with a +1 vorpal hand axe.
* * * LOW HITPOINT WARNING * * *
x2 Natasha hisses angrily.
The orc hits you with a +0 club.
* * * LOW HITPOINT WARNING * * *
Natasha stares at you and mumbles some strange words.
You feel yourself slow down. The orc hits you with a +0 club.
An orc comes into view. It is wielding a +0 hand axe.
The orc shouts!
You hear a shout!
Natasha claws you.
* * * LOW HITPOINT WARNING * * *
Natasha claws you!
You die...

Skill      XL: |  1  2  3 |
---------------+----------+-----
Earth Magic    | 5 6 |  6.2
Dodging        | |  2.1
Stealth        | |  2.4
Spellcasting   | |  1.7
Transmutations | |  0.8

Action                   || total
-------------------------++-------
Melee: Unarmed           ||    10
       Dagger            ||    22
 Cast: Sandblast         ||    30
  Use: Scroll            ||     1
 Stab: Sleeping          ||     5
Armor: Robe              ||     6
Dodge: Dodged            ||    30

Levels and vault maps discovered:
D:1:      amcnicky_arrival_blooded_trapdoor, layout_loops_cross,
          dreamdust_ecumenical_altar_grove, serial_shops, shop_statue,
          minmay_liquid_box
D:2:      minmay_spotlight, layout_loops_cross, uniq_crazy_yiuf_cottage
D:3:      layout_basic, uniq_terence, uniq_sigmund, uniq_ijyb, uniq_natasha

Notes
Turn   | Place    | Note
-------+----------+-------------------------------------------
     0 | D:1      | Irenicus the Deep Dwarf Earth Elementalist began the quest
                  | for the Orb.
     0 | D:1      | Reached XP level 1. HP: 15/15 MP: 3/3
   143 | D:1      | Reached XP level 2. HP: 20/22 MP: 1/4
   170 | D:1      | Reached skill level 5 in Earth Magic
   223 | D:1      | Found a faded altar of an unknown god.
   262 | D:1      | Found Pikhlasey's Antique Weapon Shop.
   287 | D:2      | Reached XP level 3. HP: 21/28 MP: 3/5
   341 | D:2      | Reached skill level 6 in Earth Magic
   374 | D:3      | Noticed Terence
   418 | D:3      | Noticed Natasha
   421 | D:3      | Slain by Natasha

Vanquished Creatures
  3 adders
  An orc (D:3)
  2 ball pythons (D:1)
  An endoplasm (D:2)
  4 goblins (D:1)
  4 hobgoblins (D:1)
  4 bats
  A frilled lizard (D:1)
  5 kobolds
  3 rats
28 creatures vanquished.

Table legend: (Time is in decaauts)
 A = Elapsed time spent in this place.
 B = Non-inter-level travel time spent in this place.
 C = Inter-level travel time spent in this place.
 D = Time resting spent in this place.
 E = Time spent auto-exploring this place.
 F = Levels seen in this place.
 G = Mean time per level.
                   A        B        C        D        E       F      G
               +--------+--------+--------+--------+--------+-----+--------+
         Total |    420 |    420 |      0 |      0 |      0 |   3 |  140.0 |
       Dungeon |    420 |    420 |      0 |      0 |      0 |   3 |  140.0 |
               +--------+--------+--------+--------+--------+-----+--------+

Top non-repeatable levels by time:
     D:1: 280 daAuts
     D:3: 74 daAuts
     D:2: 64 daAuts

Table legend:
 A = Non-vault XP
 B = Vault XP
 C = Vault XP percentage of total XP
 D = Non-vault monster count
 E = Vault monster count
 F = Vault count percentage of total count
                 A         B        C        D         E       F
            +---------+---------+-------+---------+---------+-------
      Total |      79 |       0 |   0.0 |      28 |       0 |   0.0
            +---------+---------+-------+---------+---------+-------
        D:1 |      30 |       0 |   0.0 |      19 |       0 |   0.0
        D:2 |      32 |       0 |   0.0 |       6 |       0 |   0.0
        D:3 |      17 |       0 |   0.0 |       3 |       0 |   0.0
            +---------+---------+-------+---------+---------+-------
